 Dungeon Crawl Stone Soup version 0.32-a0-872-g59262bd (webtiles) character file.

Game seed: 17575508069159868571

1953 Gumil the Covered (level 8, -14/73 HPs)
             Began as a Minotaur Fighter on Mar 30, 2024.
             Was an Initiate of Okawaru.
             Demolished by a two-headed ogre
             ... wielding a +0 giant club
              (15 damage)
             ... on level 8 of the Dungeon.
             The game lasted 00:53:23 (7498 turns).

Gumil the Covered (Minotaur Fighter)                Turns: 7498, Time: 00:53:24

Health: -14/73     AC: 17    Str: 23    XL:     8   Next: 99%
Magic:  16/16      EV:  4    Int:  4    God:    Okawaru [......]
Gold:   534        SH: 14    Dex: 13    Spells: 7/7 levels left

rFire   + . .        a - +0 war axe
rCold   + . .        u - +0 tower shield
rNeg    + + +        N - +3 plate armour
rPois   +            (helmet restricted)
rElec   .            z - scarf {rC+ rF+}
rCorr   +            (no gloves)
SInv    .            B - +0 pair of boots
Will    +....        (no amulet) Stlth
                     y - ring of resist corrosion
HPRegen 0.32/turn    L - ring of the Scorching Coward {rN+++ MP+9}
MPRegen 0.15/turn

%: no passive effects
@: hasted, very quick
A: horns 2, retaliatory headbutt, agile 1, strong-willed 1, poison resistance
a: Renounce Religion


You were on level 8 of the Dungeon.
You worshipped Okawaru.
Okawaru was noncommittal.
You visited 2 branches of the dungeon, and saw 9 of its levels.

You collected 534 gold pieces.

Inventory:

Hand Weapons
 a - a +0 war axe (weapon)
 E - the +6 dire flail "Boabiw" {heavy, *Corrode Int+4 Dex+5}
   (You found it on level 3 of the Dungeon)

   Int+4:     It affects your intelligence (+4).
   Dex+5:     It affects your dexterity (+5).
   *Corrode:  It may corrode you when you take damage.
 F - a +0 morningstar
Missiles
 f - 2 throwing nets
 o - 2 poisoned darts
 s - 7 boomerangs (quivered)
 H - 5 curare-tipped darts
Armour
 u - a +0 tower shield (worn)
 z - a scarf of resistance (worn)
 B - a +0 pair of boots (worn)
 N - a +3 plate armour (worn)
Magical Staves
 c - the staff of Res Ipsa Loquitur {^Drain rPois rC+ Str+4 Dex+2 Ice}
   (You found it on level 4 of the Dungeon)

   [staff of cold]

   Base accuracy: +5 Base damage: 5 Base attack delay: 1.2 This weapon's minimum
   attack delay (0.6) is reached at skill level 12.
   Str+4:     It affects your strength (+4).
   Dex+2:     It affects your dexterity (+2).
   rC+:       It protects you from cold.
   rPois:     It protects you from poison.
   ^Drain:    It drains your maximum health when unequipped.
   Ice:       It increases the power of your Ice spells.
   It falls into the 'Staves' category.
   It is a one-handed weapon.
Jewellery
 j - a ring of wizardry
 y - a ring of resist corrosion (left hand)
 L - the ring of the Scorching Coward (right hand) {rN+++ MP+9}
   (You found it on level 6 of the Dungeon)

   [ring of magical power]

   rN+++:     It renders you almost immune to negative energy.
   MP+9:      It affects your magic capacity (+9).
Talismans
 I - a beast talisman
Scrolls
 i - a scroll of poison {unknown}
 k - 2 scrolls of enchant armour {unknown}
 l - 4 scrolls of teleportation {unknown}
 q - a scroll of torment {unknown}
 r - a scroll of immolation {unknown}
 w - 4 scrolls of identify {unknown}
 x - 2 scrolls of fear {unknown}
 C - 2 scrolls of blinking {unknown}
 G - a scroll of amnesia {unknown}
 M - a scroll of fog {unknown}
Potions
 b - a potion of magic {unknown}
 d - a potion of might
 e - 2 potions of cancellation {unknown}
 g - a potion of haste
 h - 2 potions of enlightenment
 n - 3 potions of degeneration {unknown}
 p - a potion of experience {unknown}
 v - a potion of mutation
 A - a potion of attraction {unknown}
 D - a potion of brilliance
 J - a potion of resistance {unknown}
 K - 2 potions of curing {unknown}


   Skills:
 - Level 7.0 Fighting
 * Level 6.8(6.9) Axes
 - Level 1.6(4.6) Maces & Flails
 - Level 7.0 Armour
 + Level 3.7 Dodging
 - Level 1.0 Stealth
 - Level 7.0 Shields
 + Level 3.9 Unarmed Combat


You had 7 spell levels left.
You didn't know any spells.
Your spell library contained the following spells:

 Spells                   Type           Power      Damage    Failure   Level
 Shock                    Conj/Air       0%         1d3       100%        1
 Jinxbite                 Hex            0%         N/A       100%        2
 Sigil of Binding         Hex            0%         N/A       100%        3
 Swiftness                Air            0%         N/A       100%        3
 Airstrike                Air            0%         2d(0-16)  100%        4
 Dimensional Bullseye     Hex/Tloc       0%         N/A       100%        4
 Yara's Violent Unravell  Hex/Alch       0%         3d3       100%        5
 Enfeeble                 Hex            0%         N/A       100%        7
 Call Canine Familiar     Summ           Unusable   N/A       N/A         3

Dungeon Overview and Level Annotations

Branches:
Dungeon (8/15)             Temple (1/1) D:6
   Lair: D:8-11

Altars:
Ashenzari
Cheibriados
Dithmenos
Elyvilon
Fedhas
Gozag
Hepliaklqana
Kikubaaqudgha
Makhleb
Okawaru
Qazlal
Ru
Sif Muna
Trog
Uskayaw
Vehumet
Wu Jian
Xom
Yredelemnul
Zin
The Shining One


Innate Abilities, Weirdness & Mutations

You have a pair of horns on your head.
You reflexively headbutt those who attack you in melee.
You are agile. (Dex +4, Str/Int -1)
You are strong-willed. (Will+)
Your system is resistant to poisons. (rPois)


Message History

You hit the two-headed ogre. You headbutt the two-headed ogre!
The two-headed ogre is moderately wounded.
You block the two-headed ogre's attack. x2
You hit the two-headed ogre. You headbutt the two-headed ogre.
The two-headed ogre is heavily wounded.
You barely miss the two-headed ogre.
The two-headed ogre is heavily wounded.
The two-headed ogre hits you with a +0 giant club!
The two-headed ogre hits you with a +0 heavy dire flail!
You barely miss the two-headed ogre.
You headbutt the two-headed ogre, but do no damage.
The two-headed ogre is heavily wounded.
You block the two-headed ogre's attack.
The two-headed ogre hits you with a +0 heavy dire flail.
You hit the two-headed ogre but do no damage.
Your headbutt misses the two-headed ogre.
The two-headed ogre is heavily wounded.
The two-headed ogre hits you with a +0 giant club.
You block the two-headed ogre's attack.
You slash the two-headed ogre!
The two-headed ogre is severely wounded.
You closely miss the two-headed ogre.
The two-headed ogre is severely wounded.
The two-headed ogre hits you with a +0 giant club!
The two-headed ogre hits you with a +0 heavy dire flail.
You hit the two-headed ogre.
Your headbutt misses the two-headed ogre.
The two-headed ogre is severely wounded.
You block the two-headed ogre's attack. x2
You barely miss the two-headed ogre. You headbutt the two-headed ogre.
The two-headed ogre is severely wounded.
The two-headed ogre barely misses you. You furiously retaliate!
You headbutt the two-headed ogre.
The two-headed ogre hits you with a +0 heavy dire flail!!
* * * LOW HITPOINT WARNING * * *
You feel yourself speed up.
The two-headed ogre hits you with a +0 giant club!
* * * LOW HITPOINT WARNING * * *
The two-headed ogre hits you with a +0 heavy dire flail!
You die...
PP..

... ### P...
..#...# .....
..#.... ...
##.......
..........
#.#.... #...#
#@.#
#cO).......
...K##.#..##.
...... .. ..#
..... ... ...
..... .... .#
.... ..... .
.... ......


You could see a two-headed ogre, a centaur and a kobold.

Vanquished Creatures
  2 water moccasins
  An ice beast (D:7)
  A centaur (D:6)
  2 phantoms (D:6)
  2 kobold brigands
  2 bullfrogs
  A gnoll sergeant (D:7)
  4 scorpions
  2 bombardier beetles
  4 hounds
  A gnoll bouda (D:7)
  2 orc priests (D:7)
  3 jellies
  Terence (D:3)
  4 orc wizards
  A sleepcap (D:5)
  17 gnolls
  A river rat (D:5)
  6 adders
  3 white imps
  2 ufetubi (D:6)
  4 ribbon worms
  3 dart slugs
  15 orcs
  6 endoplasms
  4 giant cockroaches
  4 hobgoblins
  4 quokkas
  6 ball pythons
  4 bats
  4 frilled lizards
  6 goblins
  12 kobolds
  8 rats
142 creatures vanquished.

Notes
Turn   | Place    | Note
-------+----------+-------------------------------------------
     0 | D:1      | Gumil the Minotaur Fighter began the quest for the Orb.
     0 | D:1      | Reached XP level 1. HP: 19/19 MP: 0/0
   154 | D:1      | Reached XP level 2. HP: 21/27 MP: 1/1
   864 | D:1      | Reached XP level 3. HP: 33/33 MP: 2/2
  1083 | D:2      | Found a faded altar of an unknown god.
  1786 | D:5      | Entered Level 5 of the Dungeon
  1887 | D:4      | Reached XP level 4. HP: 40/40 MP: 3/3
  1992 | D:4      | Identified the staff of Res Ipsa Loquitur {^Drain rPois rC+
                  | Str+4 Dex+2 Ice}
  2014 | D:4      | Found an opulent altar of Gozag.
  2349 | D:4      | Noticed a scorpion
  2353 | D:4      | Killed a scorpion
  2354 | D:4      | Reached skill level 1 in Maces & Flails
  2354 | D:4      | Reached skill level 1 in Unarmed Combat
  2354 | D:4      | Reached XP level 5. HP: 38/47 MP: 4/4
  2494 | D:4      | Found a snail-covered altar of Cheibriados.
  2557 | D:3      | Reached skill level 1 in Dodging
  2750 | D:3      | Identified the +6 dire flail "Boabiw" {heavy, *Corrode
                  | Int+4 Dex+5}
  2875 | D:3      | Noticed Terence
  2881 | D:3      | Killed Terence
  2882 | D:3      | Reached XP level 6. HP: 50/55 MP: 5/5
  3028 | D:3      | Found a bloodstained altar of Trog.
  3378 | D:5      | Reached skill level 5 in Armour
  3378 | D:5      | Reached skill level 1 in Stealth
  3403 | D:5      | Found a blossoming altar of Fedhas.
  3411 | D:5      | Reached skill level 5 in Shields
  3504 | D:5      | Reached skill level 5 in Fighting
  3659 | D:5      | Found an ancient bone altar of Kikubaaqudgha.
  3888 | D:5      | Gained mutation: Your system is resistant to poisons.
                  | (rPois) [potion of mutation]
  3888 | D:5      | Gained mutation: You are agile. (Dex +4, Str/Int -1)
                  | [potion of mutation]
  3888 | D:5      | Gained mutation: You are strong-willed. (Will+) [potion of
                  | mutation]
  3993 | D:5      | Found a hazy altar of Hepliaklqana.
  4241 | D:6      | Reached XP level 7. HP: 57/61 MP: 6/6
  4427 | D:6      | Found a staircase to the Ecumenical Temple.
  4487 | D:6      | Reached skill level 5 in Axes
  4712 | D:6      | Reached XP level 8. HP: 70/70 MP: 7/7
  4756 | D:6      | Identified the ring of the Scorching Coward {rN+++ MP+9}
  6914 | Temple   | Entered the Ecumenical Temple
  7244 | Temple   | Became a worshipper of Warmaster Okawaru
  7481 | D:8      | Noticed a two-headed ogre
  7498 | D:8      | HP: 1/73 [two-headed ogre/+0 giant club (7)]
  7498 | D:8      | Demolished by a two-headed ogre

Illustrated notes

Levels and vault maps discovered:
D:1:      dpeg_arrival_long_road, layout_loops_ring, minmay_tripent
D:2:      layout_loops_ring, shapermc_ecumenical_altar_petra
D:3:      layout_loops_cross, overflow_temple_1_default, uniq_terence
D:4:      layout_loops_corners, kennysheep_mini, amcnicky_altar_gilded
D:5:      layout_rooms, mainiacjoe_overflow_small_starburst,
          fedhas_ov_isle_minmay, worldfamousw_hep_ancestral_shrine,
          lightli_sewer_entry_pipes
D:6:      layout_loops_ring, minmay_temple_entry_hall, water_boxes_lemuel
D:7:      layout_basic, minivault_26
D:8:      layout_cave_pools, grunt_lair_entry_orc_guard_hut, bh_circular_ruins
Temple:   hellmonk_temple_of_storms

Skill      XL: |  1  2  3  4  5  6  7  8 |
---------------+-------------------------+-----
Shields        | 4 5 6 7 |  7.0
Fighting       | 4 5 6 7 |  7.0
Armour         | 4 5 6 7 |  7.0
Axes           | 3 4 5 6 |  6.8
Maces & Flails | 1 |  1.6
Unarmed Combat | 1 2 3 |  3.9
Dodging        | 1 2 3 |  3.7
Stealth        | 1 |  1.0

Action                     |  1- 3 |  4- 6 |  7- 9 || total
---------------------------+-------+-------+-------++-------
  Melee: War axe           |    71 |   170 |   211 ||   452
         Headbutt          |    10 |    22 |    46 ||    78
  Throw: Boomerang         |       |       |     3 ||     3
    Use: Potion            |       |     5 |     4 ||     9
 Armour: Scale mail        |    49 |       |       ||    49
         Chain mail        |     3 |   104 |   144 ||   251
         Plate armour      |       |       |    21 ||    21
  Dodge: Dodged            |    30 |    18 |    48 ||    96
  Block: Buckler           |    10 |       |       ||    10
         Tower shield      |     9 |   148 |   213 ||   370
         Form:             |       |       |     2 ||     2
         Beast             |       |       |     2 ||     2

Table legend: (Time is in decaauts)
 A = Elapsed time spent in this place.
 B = Non-inter-level travel time spent in this place.
 C = Inter-level travel time spent in this place.
 D = Time resting spent in this place.
 E = Time spent auto-exploring this place.
 F = Levels seen in this place.
 G = Mean time per level.
                   A        B        C        D        E       F      G
               +--------+--------+--------+--------+--------+-----+--------+
         Total |   7736 |   7279 |    457 |   1169 |   4096 |   9 |  859.6 |
       Dungeon |   7425 |   6969 |    456 |    977 |   4096 |   8 |  928.1 |
        Temple |    311 |    311 |      0 |    192 |      0 |   1 |  311.0 |
               +--------+--------+--------+--------+--------+-----+--------+

Top non-repeatable levels by time:
     D:7: 1663 daAuts
     D:6: 1211 daAuts
     D:4: 1046 daAuts
     D:5: 973 daAuts
     D:1: 947 daAuts
     D:2: 815 daAuts
     D:3: 730 daAuts
  Temple: 311 daAuts
     D:8: 37 daAuts
